 Dungeon Crawl Stone Soup version 0.31-a0-986-g5e6e4ef867 (webtiles) character file.

Game seed: 14604842018134751927

14 timneilson the Ruffian (level 2, 18/18 HPs)
             Began as an Octopode Shapeshifter on Nov 4, 2023.
             Got out of the dungeon alive.
             The game lasted 00:00:56 (827 turns).

timneilson the Ruffian (Octopode Shapeshifter)       Turns: 827, Time: 00:00:57

Health: 18/18      AC:  1    Str: 13    XL:     2   Next: 45%
Magic:  2/2        EV: 13    Int: 12    God:
Gold:   45         SH:  0    Dex: 11    Spells: 1/1 levels left

rFire   . .          .
                       - Unarmed
rCold   . . .        (no shield)
rNeg    . . .        (helmet currently unavailable)
rPois   .            (no amulet)
rElec   .            (no ring)
rCorr   .            (no ring)
SInv    .            (no ring)
Will    .....        (no ring)
Stlth   ++           (no ring)
HPRegen 0.23/turn    (no ring)
MPRegen 0.08/turn    (no ring)
                     (no ring)

%: no passive effects
@: beast-form
A: beast (slay +1), almost no armour, amphibious, 8 rings, camouflage 1,
gelatinous body 1, (nimble swimmer 1), tentacles
a: Begin Untransformation


You escaped.
You were a hulking beast.
You visited 1 branch of the dungeon, and saw 1 of its levels.

You collected 45 gold pieces.

Inventory:

Talismans
 b - a beast talisman
 c - a flux talisman
Potions
 a - a potion of lignification
 d - a potion of attraction {unknown}
 e - 2 potions of curing {unknown}
 f - a potion of cancellation {unknown}


   Skills:
 * Level 1.3 Fighting
 * Level 2.2 Dodging
 + Level 0.6 Stealth
 * Level 3.1 Unarmed Combat
 + Level 0.3 Spellcasting
 * Level 3.1 Shapeshifting


You had one spell level left.
You didn't know any spells.
Your spell library contained the following spells:

 Spells                   Type           Power      Damage    Failure   Level
 Sandblast                Erth           0%         2d4       32%         1
 Passwall                 Tmut/Erth      0%         N/A       43%         2
 Stone Arrow              Conj/Erth      0%         3d7       67%         3
 Brom's Barrelling Bould  Conj/Erth      0%         2d3       97%         4


Dungeon Overview and Level Annotations

Branches:
Dungeon (1/15)

Altars:


Innate Abilities, Weirdness & Mutations

You are a hulking beast.
Your limbs bulge with bestial killing power. (Slay +1)
You cannot wear most types of armour.
You are amphibious.
You can wear up to eight rings at the same time.
Your skin changes colour to match your surroundings (Stealth+).
Your rubbery body absorbs attacks. (AC +1, EV +1)
((You are camouflaged when in or above water. (Stealth+)))
You have tentacles for arms and can constrict up to eight enemies at once.


Message History

Found a stone staircase leading down.
The kobold shouts!
The kobold closely misses you.
You barely miss the kobold. Your grab misses the kobold.
Your squeeze misses the kobold. You tentacle-slap the kobold.
You kill the kobold!
Things that are here:
a +0 dagger; 3 stones
There is a stone staircase leading down here.
A rat comes into view.
You tentacle-slap the rat. Your grab misses the rat. You squeeze the rat.
You kill the rat!
There is a staircase leading out of the dungeon here.
There is an escape hatch in the floor here.
You now have 33 gold pieces (gained 4).
You enter the deep water.
You enter the deep water.
There is a staircase leading out of the dungeon here.
There is an escape hatch in the floor here.
Partly explored, can't reach some items and places.
You tentacle-slap the bush but do no damage.
You tentacle-slap the bush but do no damage.
You tentacle-slap the plant.
The plant begins to die.
You grab the plant. You squeeze the plant.
The plant is lightly damaged.
You constrict the plant. You tentacle-slap the plant.
The plant is lightly damaged.
You constrict the plant. You tentacle-slap the plant.
The plant is lightly damaged.
You constrict the plant.
A nearby plant withers and dies.
You lose your grip on the plant.
You now have 45 gold pieces (gained 12).
Done exploring.
You aren't carrying any scrolls.
There is an escape hatch in the floor here.
There is a staircase leading out of the dungeon here.
You have escaped!

........###...##.............#...
...........#####.........###.####
....#...########.........# #.#...
.P†.#.......##...........# #.#...
.P..........##...........# #.#...
.♣..#.......##...........###.#...
♣♣..#.......####.##.##...........
♣♣♣♣........# #.##.##........#..
♣♣♣PP.......# #h##.####......#..
.♣♣.........####>##.# #......#..
♣♣♣.P.........##.##.####......###
PP♣♣..............#.......##.##
P♣♣♣..............#..........# ##
.♣..#.......#.....#..........# #.
.PP.........#...###..........# #.
...#........#...# #..........###.
...##.......#...# ##.............


There were no monsters in sight!

Vanquished Creatures
  A bat (D:1)
  An endoplasm (D:1)
  3 hobgoblins (D:1)
  2 kobolds (D:1)
  A ball python (D:1)
  2 frilled lizards (D:1)
  4 rats (D:1)
14 creatures vanquished.

Notes
Turn   | Place    | Note
-------+----------+-------------------------------------------
     0 | D:1      | timneilson the Octopode Shapeshifter began the quest for
                  | the Orb.
     0 | D:1      | Reached XP level 1. HP: 13/13 MP: 1/1
   133 | D:1      | Reached XP level 2. HP: 18/18 MP: 2/2
   827 | D:$      | Got out of the dungeon alive.

Illustrated notes

Levels and vault maps discovered:
D:1:      dpeg_arrival_tiny_j, layout_basic, serial_forest,
          infiniplex_forest_clump_large, infiniplex_forest_lined_3_way,
          infiniplex_forest_join, infiniplex_forest_clump_tiny,
          infiniplex_forest_zigzag_1, infiniplex_forest_clump_long,
          infiniplex_forest_split, chequers_serial_rivers_small_b,
          minmay_tripent

Action                     || total
---------------------------++-------
  Melee: Unarmed           ||    25
         Constrict         ||     6
         Tentacles         ||     3
 Armour: Skin              ||     5
  Dodge: Dodged            ||    11

Table legend: (Time is in decaauts)
 A = Elapsed time spent in this place.
 B = Non-inter-level travel time spent in this place.
 C = Inter-level travel time spent in this place.
 D = Time resting spent in this place.
 E = Time spent auto-exploring this place.
 F = Levels seen in this place.
 G = Mean time per level.
                   A        B        C        D        E       F      G
               +--------+--------+--------+--------+--------+-----+--------+
         Total |    825 |    797 |     28 |      0 |    689 |   1 |  825.0 |
       Dungeon |    825 |    797 |     28 |      0 |    689 |   1 |  825.0 |
               +--------+--------+--------+--------+--------+-----+--------+

Top non-repeatable levels by time:
     D:1: 825 daAuts
